 Dungeon Crawl Stone Soup version 0.29-a0-362-g5854e031c7 (webtiles) character file.

Game seed: 3277173027984606675

58 BritishOli the Skirmisher (level 3, -3/29 HPs)
             Began as a Demonspawn Monk on Apr 29, 2022.
             Killed from afar by Sigmund (10 damage)
             ... with a magic dart
             ... on level 2 of the Dungeon.
             The game lasted 00:01:42 (1059 turns).

BritishOli the Skirmisher (Demonspawn Monk)         Turns: 1059, Time: 00:01:42

Health: -3/29      AC:  6    Str: 13    XL:     3   Next: 75%
Magic:  3/3        EV: 12    Int: 11    God:
Gold:   48         SH:  0    Dex: 15    Spells: 2/2 levels left

rFire   . . .      SeeInvis .   a - +0 spear
rCold   . . .      Faith    .   (no shield)
rNeg    . . .      Spirit   .   d - +0 leather armour
rPois   .          Reflect  .   (no helmet)
rElec   .          Harm     .   (no cloak)
rCorr   .          Rampage  .   g - +0 pair of gloves
Will    .....                   j - +0 pair of boots
Stlth   ++........              (no amulet)
HPRegen 0.09/turn               (no ring)
MPRegen 0.08/turn               (no ring)

@: no status effects
A: spiny 1, sharp scales 1
a: no special abilities


You were on level 2 of the Dungeon.
You visited 1 branch of the dungeon, and saw 2 of its levels.

You collected 48 gold pieces.

Inventory:

Hand Weapons
 a - a +0 spear (weapon)
Armour
 d - a +0 leather armour (worn)
 g - a +0 pair of gloves (worn)
 j - a +0 pair of boots (worn)
Jewellery
 h - a ring of magical power
Wands
 i - a wand of flame (20)
Scrolls
 b - a scroll of blinking {unknown}
 e - a scroll of teleportation {unknown}
 f - a scroll of amnesia {unknown}
 k - a scroll of identify {unknown}
 l - a scroll of silence {unknown}
Potions
 c - a potion of ambrosia


   Skills:
 * Level 3.6 Fighting
 * Level 3.2 Polearms
 + Level 0.8 Armour
 + Level 3.0 Dodging
 - Level 2.0 Stealth


You had 2 spell levels left.
You didn't know any spells.
Your spell library was empty.

Dungeon Overview and Level Annotations

Branches:
Dungeon (2/15)

Altars:

Annotations:
D:2 Sigmund


Innate Abilities, Weirdness & Mutations

You are partially covered in sharp spines.
You are partially covered in razor-sharp scales. (AC +1, Slay +1)


Message History

Sigmund hits you from afar with a +2 scythe of protection.
You reach to attack!
You closely miss Sigmund.
Sigmund is moderately wounded.
You reach to attack!
You hit Sigmund.
Sigmund is heavily wounded.
Sigmund closely misses you.
You reach to attack!
You hit Sigmund.
Sigmund is heavily wounded.
Sigmund gestures at you while chanting. The magic dart hits you.
You reach to attack!
You closely miss Sigmund.
Sigmund is heavily wounded.
You reach to attack!
You closely miss Sigmund.
Sigmund is heavily wounded.
Sigmund asks, "Do you like me?"
Sigmund hits you from afar with a +2 scythe of protection!
You are too injured to fight recklessly!
You are too injured to fight recklessly!
You are too injured to fight recklessly!
You are too injured to fight recklessly!
You are too injured to fight recklessly!
You are too injured to fight recklessly!
You are too injured to fight recklessly!
You are too injured to fight recklessly!
You are too injured to fight recklessly!
You are too injured to fight recklessly!
You are too injured to fight recklessly!
Sigmund points at you and mumbles some strange words.
The magic dart hits you!
* * * LOW HITPOINT WARNING * * *
You hit Sigmund.
Sigmund is heavily wounded.
Sigmund barely misses you.
You hit Sigmund but do no damage.
Sigmund is heavily wounded.
You hit Sigmund but do no damage.
Sigmund is heavily wounded.
Sigmund casts a spell at you. The magic dart hits you!
You die...

..#.####.######.#
#.# ... #.#
#...............
..#.### #.#
#..####.######.#
#.. ..# #...###.#
#.# #.# ###
#.#.....# ..##.#
#...##### #.#.###
##.## ##....# #.#
##.###.# ###.####
#@## #.# .....<.#
#.....@## #.#
.##.##.# #.....#
#.# .##.##.#
#..... #.#
.##.##.# #....
##.# .##.##>#
#.... #..#
.......# ####
#.## ###.#### #.#
#.####### #.#


You could see Sigmund.

Vanquished Creatures
  2 adders (D:2)
  A worm (D:2)
  2 dart slugs
  3 orcs (D:2)
  2 endoplasms (D:1)
  A giant cockroach (D:2)
  5 hobgoblins
  2 bats (D:2)
  3 frilled lizards
  5 goblins
  A kobold (D:1)
  3 rats
30 creatures vanquished.

Notes
Turn   | Place    | Note
-------+----------+-------------------------------------------
     0 | D:1      | BritishOli the Demonspawn Monk began the quest for the Orb.
     0 | D:1      | Reached XP level 1. HP: 18/18 MP: 1/1
   386 | D:1      | Gained mutation: You are partially covered in sharp spines.
                  | [demonic ancestry]
   386 | D:1      | Reached XP level 2. HP: 24/24 MP: 2/2
   755 | D:2      | Gained mutation: You are partially covered in razor-sharp
                  | scales. (AC +1, Slay +1) [demonic ancestry]
   755 | D:2      | Reached XP level 3. HP: 29/29 MP: 3/3
  1038 | D:2      | Noticed Sigmund
  1059 | D:2      | Killed from afar by Sigmund

Illustrated notes

Levels and vault maps discovered:
D:1:      psy_arrival_terrarium, layout_basic
D:2:      layout_loops_cross, nicolae_ecumenical_snake_handling, minmay_unequal,
          uniq_sigmund

Skill      XL: |  1  2 |
---------------+-------+-----
Stealth        | 2 |  2.0
Polearms       | 3 |  3.2
Dodging        | 3 |  3.0
Fighting       | |  3.6
Armour         | |  0.8

Action                   || total
-------------------------++-------
Melee: Spear             ||    97
 Stab: Sleeping          ||     6
Armor: Robe              ||     2
       Leather armour    ||    14
Dodge: Dodged            ||    32

Table legend: (Time is in decaauts)
 A = Elapsed time spent in this place.
 B = Non-inter-level travel time spent in this place.
 C = Inter-level travel time spent in this place.
 D = Time resting spent in this place.
 E = Time spent auto-exploring this place.
 F = Levels seen in this place.
 G = Mean time per level.
                   A        B        C        D        E       F      G
               +--------+--------+--------+--------+--------+-----+--------+
         Total |   1054 |   1051 |      3 |      0 |    814 |   2 |  527.0 |
       Dungeon |   1054 |   1051 |      3 |      0 |    814 |   2 |  527.0 |
               +--------+--------+--------+--------+--------+-----+--------+

Top non-repeatable levels by time:
     D:1: 636 daAuts
     D:2: 418 daAuts
